 Dungeon Crawl Stone Soup version 0.26-a0-466-g989023bd0d (webtiles) character file.

Game seed: 9469009419404323825

18334 chincha the Severer (level 12, -1/110 HPs)
             Began as a Hill Orc Berserker on Aug 1, 2020.
             Was a High Priest of Trog.
             Slain by a sun demon (5 damage)
             ... summoned by Frances
             ... on level 11 of the Dungeon.
             The game lasted 00:27:47 (14069 turns).

chincha the Severer (Hill Orc Berserker)           Turns: 14069, Time: 00:27:49

Health: -1/110     AC: 24    Str: 25    XL:     12   Next: 57%
Magic:  21/21      EV:  9    Int:  7    God:    Trog [*****.]
Gold:   559        SH:  0    Dex: 10    Spells: 11/11 levels left

rFire    + . .     SeeInvis .   x - +4 executioner's axe
rCold    + . .     Faith    .   (shield currently unavailable)
rNeg     . . .     Spirit   .   l - +3 chain mail {rF+}
rPois    +         Reflect  .   C - +2 helmet
rElec    .         Harm     .   S - +0 cloak
rCorr    .                      g - +1 pair of gloves
MR       ++++.                  O - +0 pair of boots
Stlth    ..........             P - amulet of magic regeneration
HPRegen  1.28/turn              R - ring of poison resistance
MPRegen  0.42/turn              u - ring "Fydemae" {MR+ MP+9}

@: berserk cooldown, regenerating, slowed, very slow
A: cold resistance 1, magic resistance 1
a: Berserk, Trog's Hand, Brothers in Arms, Renounce Religion


You were on level 11 of the Dungeon.
You worshipped Trog.
Trog was extremely pleased with you.
You visited 1 branch of the dungeon, and saw 12 of its levels.
You visited the Abyss 1 time.
You also visited: Ossuary.

You collected 559 gold pieces.

Inventory:

Hand Weapons
 a - a +2 war axe of freezing
 x - a +4 executioner's axe (weapon)
 z - a +2 vorpal war axe
 M - a +0 battleaxe
Missiles
 d - 7 silver javelins (quivered)
 h - 8 javelins
 i - 28 poisoned darts
 n - 7 curare-tipped darts
 H - a throwing net
Armour
 g - a +1 pair of gloves (worn)
 l - a +3 chain mail of fire resistance (worn)
 w - a +2 scale mail of cold resistance
 C - a +2 helmet (worn)
 O - a +0 pair of boots (worn)
 S - a +0 cloak (worn)
Jewellery
 k - an uncursed ring of flight
 u - the ring "Fydemae" (right hand) {MR+ MP+9}
   (You found it on level 4 of the Dungeon)

   [ring of protection from magic]

   It affects your resistance to hostile enchantments.
   It affects your magic capacity (+9).
 J - an uncursed ring of protection from cold
 P - an amulet of magic regeneration (around neck)
 R - a ring of poison resistance (left hand)
 T - an uncursed ring of protection from magic
Wands
 b - a wand of paralysis (4)
 f - a wand of enslavement (3)
 q - a wand of disintegration (11)
 G - a wand of random effects (20)
 N - a wand of digging (8)
 Q - a wand of flame (41)
 U - a wand of iceblast (1)
Scrolls
 j - a scroll of fear
 o - 6 scrolls of remove curse
 s - a scroll of identify
 y - a scroll of noise
 D - 2 scrolls of magic mapping
 K - a scroll of enchant armour
 L - a scroll of enchant weapon
Potions
 c - 3 potions of lignification
 e - a potion of haste
 m - 2 potions of stabbing
 p - 2 potions of curing
 r - 5 potions of flight
 t - a potion of might
 v - a potion of cancellation
 A - 2 potions of invisibility
 B - 4 potions of magic
 E - a potion of brilliance {unknown}
 F - a potion of heal wounds {unknown}
 I - a potion of ambrosia {unknown}


   Skills:
 + Level 11.4 Fighting
 + Level 17.9 Axes
 + Level 1.7 Throwing
 + Level 11.6 Armour
 - Level 1.5 Dodging
 - Level 0.4 Stealth
 + Level 0.6 Evocations


You had 11 spell levels left.
You didn't know any spells.
Your spell library was empty.

Dungeon Overview and Level Annotations

Branches:
Dungeon (12/15)            Temple (0/1) D:4            Lair (0/6) D:8
    Orc (0/2) D:11        Ossuary (visited)

Altars:
Ashenzari
Cheibriados
Qazlal
Uskayaw
Zin

Annotations:
D:5 HoaS's ghost, novice GrGl
D:11 Frances
D:12 1 transporter, Yorgos's ghost, journeyman DsGl


Innate Abilities, Weirdness & Mutations

Your flesh is cold resistant. (rC+)
You are resistant to hostile enchantments. (MR+)


Message History

You slash Frances!
Frances is moderately wounded.
You slash the sun demon! The sun demon closely misses you.
Frances hits you with a +0 short sword!
The sun demon hits you but does no damage.
Frances barely misses you.
Unknown command.
You slice Frances!!
Frances is heavily wounded.
You closely miss the sun demon. Frances misses you.
The sun demon hits you but does no damage.
Frances barely misses you. The sun demon hits you.
You are engulfed in flames.
You resist.
Frances mutters in a terrible tongue.
The shard of ice hits you!! You partially resist.
* * * LOW HITPOINT WARNING * * *
The sun demon hits you!
* * * LOW HITPOINT WARNING * * *
You are engulfed in flames.
You resist.
You die...

#####.#####.).# #.#
#.....#...#.#.# ####'#
#.#######.#.#.## #.....
#.........#^#..###.###.
#######.###.##...'.#.#.
#...........######.#.#.
#####.####### #...#.
#3## ###### #.@### #
##.@4# ######## ###.#
#.......
#######'#######.......
#............##....[..
#............##.......
#............##.......
#.....................
#............##.......


You could see Frances (fast), a sun demon (summoned) and a chaos spawn
(summoned).

Vanquished Creatures
  2 tentacled starspawn (Abyss:1)
  Kirke (D:12)
  A two-headed ogre (D:8)
  Urug (D:10)
  Sonja (D:11)
  An unseen horror (D:11)
  A shadow dragon zombie (Abyss:1)
  Pikel (D:7)
  A worldbinder (Abyss:1)
  Maurice (D:12)
  The ghost of ThereIsNoGod the Magician, a novice GnWn of Cheibriados (D:5)
  A smoke demon (Abyss:1)
  A gargoyle (D:11)
  Grinder (D:6)
  5 hippogriffs
  A shadow (D:12)
  A wraith (D:5)
  Grum (D:11)
  2 hogs (D:12)
  A wyvern (D:12)
  A porcupine (D:8)
  3 ice beasts
  2 phantoms
  7 orc warriors
  7 ogres
  2 sky beasts
  2 black bears
  A necrophage (D:11)
  4 wolves (D:11)
  4 centaurs
  4 lemures (D:7)
  A crocodile (D:8)
  A big kobold (D:9)
  6 bullfrogs
  A scorpion (D:8)
  A wyvern skeleton (D:6)
  16 killer bees
  16 wights
  4 jellies
  A quasit (D:8)
  2 centaur skeletons
  3 centaur zombies
  6 orc priests
  The ghost of tilp the Sneak, a weakling FeDe (D:5)
  A bullfrog zombie (D:11)
  8 hounds
  A gnoll shaman (D:7)
  A bullfrog skeleton (D:11)
  An iron imp (Abyss:1)
  Jessica (D:2)
  5 iguanas
  7 orc wizards
  Natasha (thrice) (D:2)
  A killer bee zombie (D:10)
  15 worker ants
  12 mummies (Ossuary)
  7 gnolls
  13 adders
  A shadow imp (D:5)
  6 white imps
  3 ufetubi
  2 oozes
  An adder zombie (D:7)
  4 worms (D:2)
  A dart slug (D:1)
  8 leopard geckos
  58 orcs
  4 giant cockroaches
  8 goblins
  10 hobgoblins
  12 jackals
  9 kobolds
  A quokka (D:2)
  7 bats
  9 frilled lizards
  A gnoll skeleton (Ossuary)
  4 goblin skeletons (Ossuary)
  A kobold skeleton (Ossuary)
  2 leopard gecko skeletons
  2 orc skeletons (Ossuary)
  A quokka skeleton (D:5)
  11 rats
  11 rat skeletons (Ossuary)
  A plant (D:8)
376 creatures vanquished.

Vanquished Creatures (others)
  A human (D:12)
  A scorpion (D:12)
  A worker ant (D:12)
  8 fungi (D:8)
  3 plants (D:8)
  2 starspawn tentacles (Abyss:1)
  2 withered plants (D:5)
18 creatures vanquished.

Grand Total: 394 creatures vanquished

Notes
Turn   | Place    | Note
-------+----------+-------------------------------------------
     0 | D:1      | chincha the Hill Orc Berserker began the quest for the Orb.
     0 | D:1      | Reached XP level 1. HP: 19/19 MP: 1/1
   336 | D:1      | Reached XP level 2. HP: 25/27 MP: 2/2
   939 | D:2      | Reached XP level 3. HP: 23/33 MP: 3/3
  1133 | D:2      | Noticed Jessica
  1138 | D:2      | Killed Jessica
  1138 | D:2      | Reached skill level 5 in Axes
  1251 | D:2      | Noticed Natasha
  1252 | D:2      | Found a faded altar of an unknown god.
  1258 | D:2      | Reached XP level 4. HP: 41/41 MP: 4/4
  1264 | D:2      | Killed Natasha
  1264 | D:2      | Reached ** piety under Trog
  1355 | D:2      | Noticed Natasha
  1364 | D:2      | Killed Natasha
  1364 | D:2      | Reached skill level 6 in Axes
  1387 | D:2      | Found a glowing silver altar of Zin.
  1400 | D:2      | Reached XP level 5. HP: 47/47 MP: 5/5
  1430 | D:2      | Noticed Natasha
  1444 | D:2      | Killed Natasha
  1444 | D:2      | Reached skill level 5 in Fighting
  1795 | D:2      | Gained mutation: Your spells are a little easier to cast,
                  | but a little less powerful. [potion of mutation]
  1795 | D:2      | Gained mutation: Your mind is acute. (Int +2) [potion of
                  | mutation]
  1795 | D:2      | Gained mutation: Armour fits poorly on your strangely
                  | shaped body. [potion of mutation]
  1795 | D:2      | Gained mutation: You are resistant to electric shocks.
                  | (rElec) [potion of mutation]
  1849 | D:3      | Reached skill level 7 in Axes
  2083 | D:3      | Reached XP level 6. HP: 56/56 MP: 6/6
  2422 | D:3      | Reached *** piety under Trog
  2431 | D:3      | Reached skill level 8 in Axes
  3399 | D:4      | Reached XP level 7. HP: 61/61 MP: 7/7
  3500 | D:4      | Got a coiled granite ring
  3503 | D:4      | Identified the ring "Fydemae" {MR+ MP+9} (You found it on
                  | level 4 of the Dungeon)
  3966 | D:4      | Found a staircase to the Ecumenical Temple.
  4022 | D:4      | Found a stormy altar of Qazlal.
  4382 | D:5      | Entered Level 5 of the Dungeon
  4764 | D:5      | Found a runed translucent gate.
  4764 | D:5      | Found a runed translucent gate.
  4764 | D:5      | Found a runed translucent gate.
  4765 | D:5      | Noticed ThereIsNoGod's ghost (novice GnWn)
  4765 | D:5      | Noticed tilp's ghost (weakling FeDe)
  4765 | D:5      | Noticed HoaS's ghost (novice GrGl)
  4878 | D:5      | Noticed a wraith
  4898 | D:5      | Killed a wraith
  4898 | D:5      | Reached skill level 9 in Axes
  5283 | D:5      | Reached skill level 5 in Armour
  5283 | D:5      | Reached XP level 8. HP: 43/70 MP: 8/8
  5921 | D:5      | Reached **** piety under Trog
  6815 | D:5      | Killed tilp's ghost
  6892 | D:5      | Killed ThereIsNoGod's ghost
  6892 | D:5      | Reached skill level 10 in Axes
  6955 | D:6      | Noticed Grinder
  6968 | D:6      | Killed Grinder
  6968 | D:6      | Reached skill level 1 in Throwing
  7007 | D:6      | Found a sand-covered staircase.
  7011 | Ossuary  | Entered an ossuary
  7068 | Ossuary  | Reached XP level 9. HP: 66/78 MP: 9/9
  7237 | Ossuary  | Reached skill level 11 in Axes
  7686 | D:6      | Reached ***** piety under Trog
  8271 | D:7      | Reached skill level 12 in Axes
  8688 | D:7      | Noticed Pikel
  8699 | D:7      | Killed Pikel
  8699 | D:7      | Reached skill level 13 in Axes
  8699 | D:7      | Reached XP level 10. HP: 88/88 MP: 10/10
  8818 | D:7      | HP: 1/89 [wight/+0 halberd (4)]
  9984 | D:8      | Found a staircase to the Lair.
 10078 | D:8      | Noticed a two-headed ogre
 10084 | D:8      | Killed a two-headed ogre
 10084 | D:8      | Reached skill level 14 in Axes
 10174 | D:8      | Found a hide-covered altar of Uskayaw.
 10174 | D:8      | Found a snail-covered altar of Cheibriados.
 10441 | D:9      | Found a shattered altar of Ashenzari.
 10861 | D:9      | Reached XP level 11. HP: 91/97 MP: 11/11
 11120 | D:9      | Lost mutation: Your spells are a little easier to cast, but
                  | a little less powerful. [potion of mutation]
 11120 | D:9      | Lost mutation: Armour fits poorly on your strangely shaped
                  | body. [potion of mutation]
 11120 | D:9      | Lost mutation: You are resistant to electric shocks.
                  | (rElec) [potion of mutation]
 11120 | D:9      | Lost mutation: Your mind is acute. (Int +2) [potion of
                  | mutation]
 11120 | D:9      | Gained mutation: You are weak. (Str -2) [potion of
                  | mutation]
 11120 | D:9      | Gained mutation: You are surrounded by a mild repulsion
                  | field. (EV +2) [potion of mutation]
 11152 | D:10     | Entered Level 10 of the Dungeon
 11159 | D:10     | Noticed Urug
 11168 | D:10     | Received a gift from Trog
 11175 | D:10     | Reached skill level 10 in Armour
 11232 | D:10     | Cast into level 1 of the Abyss (gnoll)
 11232 | Abyss:1  | Found a corrupted altar of Lugonu.
 11248 | Abyss:1  | Noticed a large abomination
 11337 | Abyss:1  | Noticed a tentacled starspawn
 11338 | Abyss:1  | Noticed a tentacled starspawn
 11349 | Abyss:1  | Killed a tentacled starspawn
 11349 | Abyss:1  | Reached skill level 15 in Axes
 11350 | Abyss:1  | Killed a tentacled starspawn
 11379 | Abyss:1  | Noticed a large abomination
 11389 | Abyss:1  | HP: 4/99 [large abomination (7)]
 11394 | Abyss:1  | Noticed a hell hog
 11402 | Abyss:1  | HP: 2/99 [hell hog/fireball (17)]
 11413 | Abyss:1  | Noticed a brown very ugly thing
 11413 | Abyss:1  | Noticed a brown very ugly thing
 11417 | Abyss:1  | Noticed a brown very ugly thing
 11552 | Abyss:1  | Lost mutation: You are surrounded by a mild repulsion
                  | field. (EV +2) [potion of mutation]
 11552 | Abyss:1  | Lost mutation: You are weak. (Str -2) [potion of mutation]
 11552 | Abyss:1  | Gained mutation: You are resistant to hostile enchantments.
                  | (MR+) [potion of mutation]
 11552 | Abyss:1  | Gained mutation: Your flesh is cold resistant. (rC+)
                  | [potion of mutation]
 11575 | Abyss:1  | Reached skill level 10 in Fighting
 11595 | Abyss:1  | Reached skill level 16 in Axes
 11624 | Abyss:1  | Noticed a worldbinder
 11629 | Abyss:1  | Killed a worldbinder
 11649 | D:10     | Escaped the Abyss
 11741 | D:10     | Killed Urug
 12920 | D:11     | Reached XP level 12. HP: 108/108 MP: 12/12
 13135 | D:11     | Reached skill level 17 in Axes
 13151 | D:11     | Found a staircase to the Orcish Mines.
 13252 | D:11     | Noticed Sonja
 13265 | D:11     | Killed Sonja
 13538 | D:11     | Noticed Grum
 13552 | D:11     | Killed Grum
 13901 | D:12     | Noticed Kirke
 13906 | D:12     | Killed Kirke
 13959 | D:12     | Identified the +5 great sword of Elewewuj {freeze, Str+4}
 13959 | D:12     | Noticed a tengu warrior
 13986 | D:12     | Identified the +5 mace "Mytafrehaff" {elec, Stlth+}
 13986 | D:12     | Noticed a tengu warrior
 13993 | D:12     | Noticed Yorgos's ghost (journeyman DsGl)
 13993 | D:12     | Noticed a two-headed ogre
 13999 | D:12     | Found a transporter.
 14034 | D:12     | Received a gift from Trog
 14037 | D:12     | Noticed Maurice
 14046 | D:12     | Killed Maurice
 14052 | D:12     | Noticed Frances
 14066 | D:11     | Noticed a sun demon
 14069 | D:11     | HP: 4/110 [sun demon[Frances] (12)]
 14069 | D:11     | Slain by a sun demon

Illustrated notes

Levels and vault maps discovered:
D:1:      dpeg_arrival_fog, layout_rooms
D:2:      layout_rooms, lemuel_crystal_altar,
          chequers_ecumenical_altar_simple_redux, uniq_jessica, uniq_natasha
D:3:      layout_loops_ring
D:4:      layout_basic, lemuel_crystal_altar,
          minmay_temple_entry_statues_fountains
D:5:      layout_cave_pods, gammafunk_ghost_cemetery
D:6:      layout_cave_pools, serial_rivers, chequers_serial_rivers_small_3,
          chequers_serial_rivers_room_b, chequers_serial_rivers_micro_c,
          chequers_serial_rivers_room_a, lightli_ossuary_entry_decrepit_ruins,
          uniq_grinder
D:7:      layout_rooms, uniq_pikel
D:8:      layout_basic, gammafunk_temple_overflow_wave,
          grunt_lair_entry_orc_guard_hut
D:9:      layout_basic, basic_altar
D:10:     layout_cave_pools, uniq_urug
D:11:     layout_roguey, david_orc_2, uniq_grum, uniq_sonja
D:12:     layout_small_grid, gammafunk_ghost_wrathful_warriors,
          hangedman_cracks_in_the_wall, uniq_kirke, uniq_maurice, uniq_frances

Skill      XL: |  1  2  3  4  5  6  7  8  9 10 11 12 |
---------------+-------------------------------------+-----
Fighting       | 4 5 6 8 9 10 11 | 11.4
Axes           | 5 6 7 8 9 10 13 14 16 17 | 17.9
Armour         | 3 5 6 8 9 11 | 11.6
Throwing       | 1 |  1.7
Dodging        | |  1.5
Stealth        | |  0.4
Evocations     | |  0.6

Action                   |  1- 3 |  4- 6 |  7- 9 | 10-12 || total
-------------------------+-------+-------+-------+-------++-------
Melee: Hand axe          |    67 |   217 |       |       ||   284
       War axe           |       |    14 |   337 |   345 ||   696
       Executioner's axe |       |       |       |   132 ||   132
Throw: Dart              |       |       |     6 |     1 ||     7
       Javelin           |       |       |       |     1 ||     1
Invok: Berserk           |     3 |     6 |     9 |    19 ||    37
       Trog's Hand       |       |       |     1 |    10 ||    11
Evoke: Wand              |       |       |       |     6 ||     6
  Use: Scroll            |       |     6 |    10 |    14 ||    30
       Potion            |       |     1 |       |     7 ||     8
 Stab: Paralysed         |       |       |       |     1 ||     1
Armor: Animal skin       |     8 |     1 |       |       ||     9
       Plate armour      |       |   138 |   122 |   192 ||   452
       Chain mail        |       |       |       |   186 ||   186
Dodge: Dodged            |    41 |    80 |    79 |   202 ||   402

Table legend: (Time is in decaauts)
 A = Elapsed time spent in this place.
 B = Non-inter-level travel time spent in this place.
 C = Inter-level travel time spent in this place.
 D = Time resting spent in this place.
 E = Time spent auto-exploring this place.
 F = Levels seen in this place.
 G = Mean time per level.
                   A        B        C        D        E       F      G
               +--------+--------+--------+--------+--------+-----+--------+
         Total |  14356 |  13937 |    419 |   5318 |   6238 |  14 | 1025.4 |
       Dungeon |  13315 |  12896 |    419 |   5144 |   5682 |  12 | 1109.6 |
         Abyss |    415 |    415 |      0 |    174 |    104 |   1 |  415.0 |
       Ossuary |    625 |    625 |      0 |      0 |    452 |   1 |  625.0 |
               +--------+--------+--------+--------+--------+-----+--------+

Top non-repeatable levels by time:
     D:5: 2627 daAuts
     D:4: 1365 daAuts
     D:9: 1305 daAuts
     D:3: 1220 daAuts
     D:6: 1192 daAuts
    D:11: 993 daAuts
    D:10: 961 daAuts
     D:1: 938 daAuts
     D:2: 927 daAuts
     D:8: 796 daAuts
     D:7: 719 daAuts
 Ossuary: 625 daAuts
 Abyss:1: 415 daAuts
    D:12: 266 daAuts
